 Dungeon Crawl Stone Soup version 0.28-a0-906-g0406aca7d3 (webtiles) character file.

Game seed: 6300249908800255670

155 bande the Shield-Bearer (level 5, -5/33 HPs)
             Began as a Gargoyle Fighter on Nov 24, 2021.
             Slain by an orc warrior (7 damage)
             ... on level 4 of the Dungeon.
             The game lasted 00:03:27 (2895 turns).

bande the Shield-Bearer (Gargoyle Fighter)          Turns: 2895, Time: 00:03:28

Health: -5/33      AC: 11    Str: 21    XL:     5   Next: 37%
Magic:  5/5        EV:  9    Int:  8    God:
Gold:   32         SH:  5    Dex:  9    Spells: 4/4 levels left

rFire   . . .      SeeInvis .   a - +1 war axe
rCold   . . .      Faith    .   c - +1 buckler
rNeg    + . .      Spirit   .   b - +0 scale mail
rPois   ∞          Reflect  .   (no helmet)
rElec   +          Harm     .   (no cloak)
rCorr   .          Rampage  .   (no gloves)
Will    .....                   (no boots)
Stlth   ..........              (no amulet)
HPRegen 0.11/turn               (no ring)
MPRegen 0.09/turn               (no ring)

@: no status effects
A: sickness immunity, AC +4, negative energy resistance 1, electricity
resistance, torment resistance 1, petrification resistance
a: no special abilities


You were on level 4 of the Dungeon.
You visited 1 branch of the dungeon, and saw 4 of its levels.

You collected 32 gold pieces.

Inventory:

Hand Weapons
 a - a +1 war axe (weapon)
 e - a +0 flail
Armour
 b - a +0 scale mail (worn)
 c - a +1 buckler (worn)
Scrolls
 g - a scroll of teleportation
Potions
 d - a potion of might
 h - 2 potions of flight
 i - a potion of magic {unknown}
 j - a potion of cancellation
 k - a potion of curing {unknown}
 m - a potion of brilliance {unknown}
 n - a potion of degeneration {unknown}


   Skills:
 + Level 4.0 Fighting
 + Level 3.5 Axes
 + Level 4.0 Armour
 + Level 4.1 Shields


You had 4 spell levels left.
You didn't know any spells.
Your spell library contained the following spells:

 Spells                   Type           Power      Damage    Failure   Level
 Slow                     Hex            0%         N/A       75%         1
 Summon Small Mammal      Summ           0%         N/A       75%         1
 Call Canine Familiar     Summ           0%         N/A       98%         3
 Confusing Touch          Hex            0%         N/A       98%         3
 Ignite Poison            Fire/Tmut/Pois 0%         N/A       98%         3
 Mephitic Cloud           Conj/Pois/Air  0%         N/A       98%         3
 Summon Guardian Golem    Hex/Summ       0%         N/A       98%         3
 Vampiric Draining        Necr           0%         2d6       98%         3
 Freezing Cloud           Conj/Ice/Air   0%         6-21      100%        5
 Yara's Violent Unravell  Hex/Tmut       0%         3d3       100%        5


Dungeon Overview and Level Annotations

Branches:
Dungeon (4/15)
 Temple: D:4-7

Altars:

Shops:
D:2 (


Innate Abilities, Weirdness & Mutations

You are immune to sickness and miasma.
Your stone body is resilient. (AC +4)
You are immune to poison.
You resist negative energy. (rN+)
You are resistant to electric shocks. (rElec)
You are resistant to unholy torment.
You are immune to petrification.


Message History

You kill the orc!
You slash the orc!
You kill the orc!
You hit the orc priest.
The orc priest is moderately wounded.
The orc priest hits you but does no damage.
The orc priest hits you with a +0 short sword.
You closely miss the orc priest.
The orc priest is moderately wounded.
The orc priest hits you but does no damage.
You slash the orc priest!
The orc priest is severely wounded.
You block the orc priest's attack.
You hit the orc priest.
The orc priest is almost dead.
The orc priest calls down the wrath of Beogh upon you.
Beogh smites you!
The orc priest hits you but does no damage.
You hit the orc priest.
You kill the orc priest!
Your Fighting skill increases to level 4!
Your Armour skill increases to level 4!
Items here: ))) [ †††.
Okay, then.
Items here: ( ) [ †.
Okay, then.
You start resting.
An orc warrior comes into view. It is wielding a +0 flail.
The orc warrior shouts!
The orc warrior hits you with a +0 flail!
Items here: ))) [ †††.
The orc warrior hits you with a +0 flail!
* * * LOW HITPOINT WARNING * * *
You slash the orc warrior!
The orc warrior is moderately wounded.
The orc warrior barely misses you.
You closely miss the orc warrior.
The orc warrior is moderately wounded.
The orc warrior hits you with a +0 flail!
You die...

# #.# #
#.##.##.#
#......>#
####.#### #<[.#
#)### #.#
#######.#######
......o@.......
#######)#######
#)# #.# #.# ..#
.## #. #.


You could see an orc warrior.

Vanquished Creatures
  2 orc priests
  An iguana (D:4)
  An adder (D:2)
  A dart slug (D:1)
  6 orcs
  3 endoplasms
  A giant cockroach (D:1)
  6 goblins
  5 hobgoblins
  3 jackals (D:1)
  3 quokkas
  3 ball pythons
  3 bats
  4 frilled lizards (D:1)
  7 kobolds
  4 rats
53 creatures vanquished.

Vanquished Creatures (others)
  5 plants (D:1)
5 creatures vanquished.

Grand Total: 58 creatures vanquished

Notes
Turn   | Place    | Note
-------+----------+-------------------------------------------
     0 | D:1      | bande the Gargoyle Fighter began the quest for the Orb.
     0 | D:1      | Reached XP level 1. HP: 14/14 MP: 1/1
    21 | D:1      | Reached XP level 2. HP: 14/19 MP: 2/2
   342 | D:1      | Reached XP level 3. HP: 18/24 MP: 3/3
   854 | D:1      | Found a faded altar of an unknown god.
  1109 | D:2      | Found Iretiky's Antique Weapon Boutique.
  1450 | D:2      | Reached XP level 4. HP: 29/29 MP: 4/4
  2421 | D:3      | Reached XP level 5. HP: 4/33 MP: 5/5
  2891 | D:4      | Noticed an orc warrior
  2893 | D:4      | HP: 1/33 [orc warrior (9)]
  2895 | D:4      | Slain by an orc warrior

Illustrated notes

Levels and vault maps discovered:
D:1:      scummos_arrival_hexagon, layout_rooms,
          shapermc_ecumenical_altar_mp_ritualfount, serial_bayou,
          serial_bayou_pond_a, serial_bayou_pond_b, serial_bayou_ford_a,
          serial_bayou_pond_b
D:2:      layout_basic, serial_shops, nicolae_diamond_shop,
          minmay_misc_feat_plants
D:3:      layout_loops_corners, tgw_kikubaaqudgha, grunt_decor_clamped
D:4:      layout_loops_ring, minmay_fire_ice_demons

Skill      XL: |  1  2  3  4  5 |
---------------+----------------+-----
Axes           | 2 3 |  3.5
Shields        | 4 |  4.1
Fighting       | 4 |  4.0
Armour         | 4 |  4.0

Action                   |  1- 3 |  4- 6 || total
-------------------------+-------+-------++-------
Melee: War axe           |    96 |    39 ||   135
  Use: Scroll            |     3 |     4 ||     7
Armor: Scale mail        |    54 |    19 ||    73
Dodge: Dodged            |    56 |    18 ||    74
Block: Buckler           |    29 |    12 ||    41

Table legend: (Time is in decaauts)
 A = Elapsed time spent in this place.
 B = Non-inter-level travel time spent in this place.
 C = Inter-level travel time spent in this place.
 D = Time resting spent in this place.
 E = Time spent auto-exploring this place.
 F = Levels seen in this place.
 G = Mean time per level.
                   A        B        C        D        E       F      G
               +--------+--------+--------+--------+--------+-----+--------+
         Total |   2962 |   2962 |      0 |    879 |   1669 |   4 |  740.5 |
       Dungeon |   2962 |   2962 |      0 |    879 |   1669 |   4 |  740.5 |
               +--------+--------+--------+--------+--------+-----+--------+

Top non-repeatable levels by time:
     D:1: 922 daAuts
     D:2: 865 daAuts
     D:3: 680 daAuts
     D:4: 494 daAuts
